 Dungeon Crawl Stone Soup version 0.29.1-14-g9c671dbff4 (webtiles) character file.

Game seed: 17419516265098524654

137 Ghostortoast the Trooper (level 5, -17/34 HPs)
             Began as a Gargoyle Abyssal Knight on Feb 12, 2023.
             Was a Priest of Lugonu.
             Blown up by Ijyb (20 damage)
             ... with a mindburst bolt
             ... on level 2 of the Dungeon.
             The game lasted 00:12:20 (3336 turns).

Ghostortoast the Trooper (Gargoyle Abyssal Knight)  Turns: 3336, Time: 00:12:21

Health: -17/34     AC: 13    Str: 19    XL:     5   Next: 20%
Magic:  6/6        EV:  9    Int: 10    God:    Lugonu [***...]
Gold:   136        SH:  0    Dex: 10    Spells: 4/4 levels left

rFire   . . .      SeeInvis .   a - +1 mace
rCold   . . .      Faith    .   (no shield)
rNeg    + . .      Spirit   .   s - +0 scale mail
rPois   ∞          Reflect  .   (no helmet)
rElec   +          Harm     .   m - +0 cloak
rCorr   .          Rampage  .   (no gloves)
Will    .....                   q - +1 pair of boots {Stlth+}
Stlth   +.........              (no amulet)
HPRegen 0.11/turn               (no ring)
MPRegen 0.10/turn               (no ring)

@: no status effects
A: sickness immunity, AC +4, negative energy resistance 1, electricity
resistance, torment resistance 1, petrification resistance
a: Renounce Religion, Depart the Abyss, Bend Space, Banish


You were on level 2 of the Dungeon.
You worshipped Lugonu.
Lugonu was most pleased with you.
You visited 1 branch of the dungeon, and saw 3 of its levels.
You visited the Abyss 1 time.

You collected 136 gold pieces.

Inventory:

Hand Weapons
 a - a +1 mace (weapon)
Missiles
 c - 17 stones (quivered)
 l - 2 poisoned darts
Armour
 j - a +0 ring mail
 m - a +0 cloak (worn)
 q - a +1 pair of boots of stealth (worn)
 s - a +0 scale mail (worn)
Scrolls
 b - a scroll of torment {unknown}
 d - 2 scrolls of enchant armour {unknown}
 e - 3 scrolls of identify {unknown}
 f - a scroll of immolation {unknown}
 n - a scroll of vulnerability {unknown}
 p - a scroll of teleportation {unknown}
 r - a scroll of blinking {unknown}
Potions
 g - 2 potions of ambrosia {unknown}
 h - a potion of curing {unknown}
 i - a potion of flight {unknown}
 k - a potion of cancellation {unknown}
 o - a potion of resistance


   Skills:
 + Level 4.4 Fighting
 * Level 4.4 Maces & Flails
 - Level 2.1 Armour
 - Level 0.7 Dodging
 + Level 2.0 Invocations


You had 4 spell levels left.
You didn't know any spells.
Your spell library contained the following spells:

 Spells                   Type           Power      Damage    Failure   Level
 Gell's Gravitas          Tloc           0%         N/A       98%         3
 Lesser Beckoning         Tloc           0%         N/A       98%         3
 Teleport Other           Tloc           0%         N/A       98%         3


Dungeon Overview and Level Annotations

Branches:
Dungeon (3/15)

Altars:

Annotations:
D:2 Ijyb


Innate Abilities, Weirdness & Mutations

You are immune to sickness and miasma.
Your stone body is resilient. (AC +4)
You are immune to poison.
You resist negative energy. (rN+)
You are resistant to electric shocks. (rElec)
You are resistant to unholy torment.
You are immune to petrification.


Message History

Ijyb is nearby!
There is a stone staircase leading up here.
Ijyb zaps a wand.
Your mind is blasted!
You hit Ijyb.
Ijyb is lightly wounded.
Ijyb zaps a wand.
Your mind is blasted!
* * * LOW HITPOINT WARNING * * *
Ijyb hits you but does no damage.
You are too injured to fight recklessly!
There is a stone staircase leading up here.
Ijyb hits you with a +0 dagger.
* * * LOW HITPOINT WARNING * * *
You climb upwards.
There is a stone staircase leading down here.
You are too injured to fight recklessly!
You are too injured to fight recklessly!
You are too injured to fight recklessly!
Ijyb barely misses you.
You closely miss Ijyb.
Ijyb is lightly wounded.
Ijyb screams, "I cut your head off!"
Ijyb zaps a wand.
You barely resist. You hit Ijyb.
Ijyb is moderately wounded.
Ijyb hits you with a +0 dagger.
* * * LOW HITPOINT WARNING * * *
You sock Ijyb!
Ijyb is severely wounded.
Ijyb hits you but does no damage.
You closely miss Ijyb.
Ijyb is severely wounded.
Ijyb closely misses you.
You hit Ijyb.
Ijyb is almost dead.
Ijyb hits you but does no damage.
You hit Ijyb.
Ijyb is almost dead.
Ijyb zaps a wand.
Your mind is blasted!
Ouch! That really hurt!
You die...

##.## #.........
##...## ##..######
##.....# ##.#
#......# #.# #.†....#
##'## #.#...##
##...##
##.#########.....##
#..g>.............##
#.#.@÷.###.........##
#........'.........'.
##.....###.........##
#................##
#####.#####.....##
#.# ##...## ###.###
###'###### #.....#
#........# #.#.#†#
#.#.####.#


You could see Ijyb.

Vanquished Creatures
  Robin (D:3)
  5 adders
  2 orcs (D:3)
  5 bats
  9 endoplasms
  5 giant cockroaches
  9 goblins
  3 hobgoblins (D:3)
  4 jackals
  5 quokkas
  5 ball pythons
  7 frilled lizards
  5 kobolds
  11 rats
76 creatures vanquished.

Notes
Turn   | Place    | Note
-------+----------+-------------------------------------------
     0 | Abyss:1  | Ghostortoast the Gargoyle Abyssal Knight began the quest
                  | for the Orb.
     0 | Abyss:1  | Reached XP level 1. HP: 14/14 MP: 2/2
     1 | D:1      | Escaped the Abyss
   207 | D:1      | Reached XP level 2. HP: 19/19 MP: 3/3
   726 | D:1      | Reached XP level 3. HP: 21/24 MP: 4/4
   960 | D:2      | Reached *** piety under Lugonu
  1997 | D:3      | Noticed Robin
  1998 | D:3      | Reached XP level 4. HP: 29/29 MP: 5/5
  2377 | D:3      | Killed Robin
  2628 | D:3      | Reached XP level 5. HP: 30/34 MP: 6/6
  3016 | D:3      | Noticed Ijyb
  3336 | D:2      | Blown up by Ijyb

Illustrated notes

Levels and vault maps discovered:
D:1:      nzn_arrival_water_spiral, layout_basic, item_on_display_a
D:2:      layout_loops_corners
D:3:      minmay_skewed_foursquare, layout_loops_ring, serial_shops, shop,
          nicolae_figureground_pulse, uniq_ijyb, uniq_robin

Skill      XL: |  1  2  3  4 |
---------------+-------------+-----
Maces & Flails | 3 4 |  4.4
Fighting       | 4 |  4.4
Armour         | |  2.1
Dodging        | |  0.7
Invocations    | |  2.0

Action                   |  1- 3 |  4- 6 || total
-------------------------+-------+-------++-------
Melee: Mace              |   142 |   108 ||   250
Throw: Stone             |       |     5 ||     5
Armor: Leather armour    |     6 |       ||     6
       Ring mail         |    96 |    18 ||   114
       Scale mail        |       |    67 ||    67
Dodge: Dodged            |   109 |    68 ||   177
